 Dungeon Crawl Stone Soup version 0.29-a0-506-ga2e7fffb44 (webtiles) character file.

Game seed: 7290312174776415370

98 jsc111 the Ruffian (level 4, -2/45 HPs)
             Began as a Troll Berserker on May 28, 2022.
             Was a Believer of Trog.
             Succumbed to a goblin's poison
             ... on level 2 of the Dungeon.
             The game lasted 00:08:49 (1051 turns).

jsc111 the Ruffian (Troll Berserker)                Turns: 1051, Time: 00:08:49

Health: -2/45      AC:  4    Str: 25    XL:     4   Next: 43%
Magic:  3/3        EV: 10    Int:  3    God:    Trog [**....]
Gold:   91         SH:  0    Dex: 11    Spells: 3/3 levels left

rFire   . . .      SeeInvis .     - Unarmed
rCold   . . .      Faith    .   (no shield)
rNeg    . . .      Spirit   .   a - +0 animal skin
rPois   .          Reflect  .   (helmet restricted)
rElec   .          Harm     .   (no cloak)
rCorr   .          Rampage  .   (gloves unavailable)
Will    .....                   (boots unavailable)
Stlth   +.........              (no amulet)
HPRegen 0.95/turn               (no ring)
MPRegen 0.08/turn               (no ring)

@: lethally poisoned (-2 -> -13), on berserk cooldown, slowed, very slow
A: large, unfitting armour, claws 3, regeneration 1, shaggy fur 1, tough skin 1
a: Renounce Religion, Berserk, Trog's Hand


You were on level 2 of the Dungeon.
You worshipped Trog.
Trog was pleased with you.
You visited 1 branch of the dungeon, and saw 2 of its levels.

You collected 91 gold pieces.

Inventory:

Armour
 a - a +0 animal skin (worn)
Wands
 d - a wand of iceblast (5) (quivered)
Scrolls
 c - a scroll of immolation {unknown}
Potions
 b - a potion of brilliance {unknown}
 e - a potion of lignification {unknown}
 f - a potion of heal wounds {unknown}
 g - a potion of curing {unknown}


   Skills:
 + Level 3.0 Fighting
 + Level 3.1 Dodging
 + Level 4.2 Unarmed Combat


You had 3 spell levels left.
You didn't know any spells.
Your spell library contained the following spells:

 Spells                   Type           Power      Damage    Failure   Level
 Corpse Rot               Necr/Pois/Air  0%         N/A       99%         4
 Dispel Undead            Necr           0%         3d6       99%         4
 Death Channel            Necr           0%         N/A       100%        6


Dungeon Overview and Level Annotations

Branches:
Dungeon (2/15)

Altars:
Kikubaaqudgha

Shops:
D:2 (

Annotations:
D:2 Robin


Innate Abilities, Weirdness & Mutations

You are too large for most types of armour.
You have claws for hands.
Your natural rate of healing is unusually fast.
You are covered in fur. (AC +1)
You have tough skin. (AC +1)


Message History

The goblin no longer looks unusually strong.
Robin roars a battlecry!
The goblin goes into a battle-frenzy!
The goblin barely misses you. The goblin hits you but does no damage.
Robin throws the goblin at you! The goblin hits you with a +0 club.
The goblin unwields a +0 hunting sling.
The goblin wields a +0 dagger of venom.
It begins to drip with poison!
The goblin hits you with a +0 dagger of venom.
You are poisoned.
The goblin unwields a +1 hunting sling of flaming.
It stops flaming.
The goblin wields a +0 club.
The goblin hits you with a +0 club.
Items here: ))) †††.
You scratch the goblin.
You kill the goblin!
Trog accepts your kill.
You feel very sick.
The goblin no longer looks unusually strong.
Robin roars a battlecry!
The goblin goes into a battle-frenzy!
The goblin hits you with a +0 dagger. The goblin hits you with a +0 club.
* * * LOW HITPOINT WARNING * * *
The goblin hits you with a +0 dagger of venom.
* * * LOW HITPOINT WARNING * * *
You are more poisoned.
You closely miss the goblin.
You feel very sick.
The goblin no longer looks unusually strong.
Robin hits you but does no damage. The goblin closely misses you.
The goblin hits you with a +0 dagger of venom.
* * * LOW HITPOINT WARNING * * *
You are lethally poisoned!
The goblin hits you with a +0 club.
* * * LOW HITPOINT WARNING * * *
The goblin hits you with a +0 dagger.
* * * LOW HITPOINT WARNING * * *
Robin hits you with a +0 trident.
* * * LOW HITPOINT WARNING * * *
You closely miss the goblin.
You die...

### #.# #### #.# ....
#.###### ..... #......#
#### ...###.####.# #...
...#......# #.#.
###g###..#.#######.#.
###.#..)@g#..............
#......gg......#######.##
###.....####.#########.#.
...............##....#.#.
...................#.#...
##.........#.#.##..#.....
#......#......)...#.....
#.....<.....#.###)#.._..
#.......................


You could see Robin and 3 goblins.

Vanquished Creatures
  A hound (D:2)
  An adder (D:2)
  2 worms (D:2)
  4 ball pythons
  3 bats
  3 endoplasms
  7 goblins
  4 hobgoblins (D:2)
  9 jackals
  2 quokkas
  3 frilled lizards
  4 kobolds
  4 rats
47 creatures vanquished.

Notes
Turn   | Place    | Note
-------+----------+-------------------------------------------
     0 | D:1      | jsc111 the Troll Berserker began the quest for the Orb.
     0 | D:1      | Reached XP level 1. HP: 22/22 MP: 0/0
    83 | D:1      | Found a faded altar of an unknown god.
   136 | D:1      | Reached XP level 2. HP: 21/29 MP: 1/1
   312 | D:2      | Found an ancient bone altar of Kikubaaqudgha.
   407 | D:2      | Found Hyngijov's Antique Weapon Emporium.
   434 | D:2      | Reached XP level 3. HP: 22/36 MP: 2/2
   440 | D:2      | Reached ** piety under Trog
   441 | D:2      | Reached XP level 4. HP: 16/44 MP: 3/3
   623 | D:2      | Reached skill level 4 in Unarmed Combat
  1030 | D:2      | Noticed Robin
  1051 | D:2      | Succumbed to a goblin's poison

Illustrated notes

Levels and vault maps discovered:
D:1:      minmay_arrival_split_and_join, layout_rooms,
          chequers_ecumenical_altar_island
D:2:      layout_basic, basic_altar, serial_shops, nicolae_shop_statue_plus,
          minmay_split_cup_large, uniq_robin

Skill      XL: |  1  2  3  4 |
---------------+-------------+-----
Dodging        | 3 |  3.1
Unarmed Combat | 4 |  4.2
Fighting       | 3 |  3.0

Action                   |  1- 3 |  4- 6 || total
-------------------------+-------+-------++-------
Melee: Unarmed           |    65 |    58 ||   123
       Punch             |     1 |     1 ||     2
Invok: Berserk           |       |     1 ||     1
  Use: Potion            |     1 |       ||     1
Armor: Animal skin       |    27 |    45 ||    72
Dodge: Dodged            |    40 |    45 ||    85

Table legend: (Time is in decaauts)
 A = Elapsed time spent in this place.
 B = Non-inter-level travel time spent in this place.
 C = Inter-level travel time spent in this place.
 D = Time resting spent in this place.
 E = Time spent auto-exploring this place.
 F = Levels seen in this place.
 G = Mean time per level.
                   A        B        C        D        E       F      G
               +--------+--------+--------+--------+--------+-----+--------+
         Total |   1050 |   1042 |      8 |     31 |      0 |   2 |  525.0 |
       Dungeon |   1050 |   1042 |      8 |     31 |      0 |   2 |  525.0 |
               +--------+--------+--------+--------+--------+-----+--------+

Top non-repeatable levels by time:
     D:2: 735 daAuts
     D:1: 314 daAuts
